 Dungeon Crawl Stone Soup version 0.20-a0-770-g8c33442 (webtiles) character file.

4095 Dipster the Carver (level 10, -22/76 HPs)
             Began as a Merfolk Fighter on Feb 27, 2017.
             Was a Priest of Dithmenos.
             Killed from afar by an orc (26 damage)
             ... with an exploding inner flame
             ... hexed by the player character
             ... on level 8 of the Dungeon.
             The game lasted 00:22:06 (7447 turns).

Dipster the Carver (Merfolk Fighter)                Turns: 7447, Time: 00:22:07

Health: -22/76     AC: 12    Str: 16    XL:     10   Next: 26%
Magic:  11/11      EV: 18    Int:  8    God:    Dithmenos [***...]
Gold:   386        SH:  0    Dex: 20    Spells: 9/9 levels left

rFire    . . .     SeeInvis .   P - +2 long sword (freeze)
rCold    + . .     Gourm    .   b - +0 scale mail
rNeg     . . .     Faith    .   (no shield)
rPois    +         Spirit   .   (helmet restricted)
rElec    .         Reflect  .   A - +2 cloak of the Unbroken {rPois rC+}
rCorr    .         Harm     .   (no gloves)
MR       .....                  L - +0 pair of boots
Stlth    ..........             E - amulet of rage
Regen    0.3/turn               D - +5 ring of evasion
MPRegen  0.2/turn               t - +3 ring of dexterity

@: very slightly contaminated, wreathed by umbra, invisible (expiring)
A: change form in water, swift swim, stealthy swim, beak, iridescent scales 1,
low mp 1, mutation resistance 1, poison resistance
a: Shadow Step, Renounce Religion, Evoke Berserk Rage


You were on level 8 of the Dungeon.
You worshipped Dithmenos.
Dithmenos was most pleased with you.
You were not hungry.

You visited 1 branch of the dungeon, and saw 8 of its levels.

You collected 386 gold pieces.

Inventory:

Hand Weapons
 a - a +1 long sword
 I - a +3 hunting sling
 P - a +2 long sword of freezing (weapon)
Missiles
 g - 9 javelins
 y - 8 tomahawks
 H - 9 sling bullets
 O - a throwing net (quivered)
 T - 20 poisoned needles
Armour
 b - a +0 scale mail (worn)
 c - a +0 shield
 l - a +0 helmet
 p - a +2 cloak
 A - the +2 cloak of the Unbroken (worn) {rPois rC+}
   (You found it on level 5 of the Dungeon)

   It protects you from cold.
   It protects you from poison.
 G - a +0 plate armour
 L - a +0 pair of boots (worn)
 Q - the +0 cloak "Mioloaze" {rElec Regen+ Str-5 Stlth+}
   (You found it on level 7 of the Dungeon)

   It affects your strength (-5).
   It insulates you from electricity.
   It increases your rate of regeneration.
   It makes you more stealthy.
Jewellery
 t - a +3 ring of dexterity (left hand)
 w - an uncursed ring of poison resistance
 z - an uncursed amulet of regeneration
 D - a +5 ring of evasion (right hand)
 E - an amulet of rage (around neck)
 F - a +2 ring of protection
Wands
 o - a wand of iceblast (0/15)
Scrolls
 e - a scroll of enchant weapon
 i - a scroll of magic mapping
 j - a scroll of blinking {unknown}
 k - 2 scrolls of remove curse
 q - 2 scrolls of immolation
 x - 2 scrolls of teleportation {unknown}
 K - a scroll of enchant armour {unknown}
 M - a scroll of identify
 U - a scroll of amnesia {unknown}
Potions
 m - 4 potions of curing
 v - a potion of mutation
 B - a potion of cancellation
 S - a potion of agility {unknown}
Books
 V - a book of Maledictions

   Spells                             Type                      Level
   a - Corona                         Hexes                        1
   b - Ensorcelled Hibernation        Hexes/Ice                    2
   c - Confuse                        Hexes                        3
   d - Tukima's Dance                 Hexes                        3
   e - Dazzling Spray                 Conjuration/Hexes            3
Comestibles
 f - 5 bread rations
 h - 5 meat rations
 u - 7 fruits
 J - a royal jelly
 R - 3 chunks of flesh


   Skills:
 + Level 5.7 Fighting
 * Level 12.5 Long Blades
 - Level 2.4 Armour
 + Level 5.5 Dodging
 - Level 3.0 Shields
 + Level 4.0 Invocations
 + Level 4.1 Evocations


You had 9 spell levels left.
You didn't know any spells.

Dungeon Overview and Level Annotations

Branches:
Dungeon (8/15)             Temple (0/1) D:6
   Lair: D:8-11

Altars:
Dithmenos
Hepliaklqana
Xom


Innate Abilities, Weirdness & Mutations

You revert to your normal form in water.
You are very nimble and swift while swimming.
You are very stealthy in the water. (Stealth+)
You have a beak for a mouth.
You are partially covered in iridescent scales. (AC +2)
Your magical capacity is low. (-10% MP)
You are somewhat resistant to further mutation.
Your system is resistant to poisons. (rPois)


Message History

The orc warrior completely misses you.
You strike the helpless orc warrior from behind!
You hit the orc warrior. You freeze the orc warrior.
You peck the orc warrior, but do no damage.
The orc warrior is severely wounded.
You flicker for a moment.
A puff of frost appears from out of thin air!
The puff of frost hits the orc warrior.
The orc warrior shouts!
The orc warrior hits you with a scimitar.
You slash the orc warrior! You freeze the orc warrior.
The orc warrior explodes!
The fiery explosion engulfs you!
* * * LOW HITPOINT WARNING * * *
The fiery explosion engulfs the orc.
The orc explodes!
The fiery explosion engulfs the orc.
The orc explodes!
The fiery explosion engulfs you!
You die...

#.# ###.#### #......
##.#.#.. .......
#§#.#.# ####§#§#o#
#..@§§.#o# ##<#§#§#o#
#.#.#.#{# #.#.#o#o# .
..#.#o#.#
....#.#'#†#########
>......o.))...%##..
..........†)...##.#
###.........(..##.###


There were no monsters in sight!

Vanquished Creatures
  The ghost of RebelPilot the Shield-Bearer, a novice GrFi (D:5)
  Prince Ribbit (D:7)
  Duvessa (D:7)
  A porcupine (D:8)
  2 orc warriors (D:6)
  4 sky beasts
  2 ogres
  A black bear (D:8)
  2 phantoms
  3 centaurs
  A crocodile (D:8)
  8 bullfrogs
  A gnoll sergeant (D:7)
  Dowan (D:7)
  A scorpion (D:7)
  3 wights (D:7)
  4 howler monkeys (D:7)
  3 crimson imps
  3 hounds
  A jelly (D:6)
  2 bullfrog skeletons
  5 orc priests
  Crazy Yiuf (D:7)
  4 orc wizards
  2 gnoll shamans
  A centaur skeleton (D:4)
  5 worker ants
  2 hound zombies
  A hound skeleton (D:4)
  9 adders
  12 gnolls
  3 shadow imps
  4 oozes
  An adder zombie (D:5)
  2 adder skeletons
  3 worms (D:2)
  2 dart slugs (D:2)
  8 leopard geckos
  29 orcs
  3 ball pythons
  A bat (D:2)
  6 giant cockroaches
  11 goblins
  10 hobgoblins
  7 jackals
  9 kobolds
  2 quokkas (D:4)
  5 frilled lizards
  A quokka zombie (D:5)
  9 rats
204 creatures vanquished.

Vanquished Creatures (others)
  An orc wizard (D:7)
  A fungus (D:8)
2 creatures vanquished.

Grand Total: 206 creatures vanquished

Notes
Turn   | Place    | Note
-------+----------+-------------------------------------------
     0 | D:1      | Dipster the Merfolk Fighter began the quest for the Orb.
     0 | D:1      | Reached XP level 1. HP: 18/18 MP: 1/1
   515 | D:1      | Reached skill level 3 in Long Blades
   515 | D:1      | Reached XP level 2. HP: 24/24 MP: 2/2
   788 | D:2      | Reached XP level 3. HP: 23/29 MP: 3/3
   935 | D:2      | Reached skill level 4 in Long Blades
  1413 | D:2      | Reached XP level 4. HP: 35/35 MP: 4/4
  1695 | D:3      | Reached skill level 5 in Long Blades
  2325 | D:4      | Found a shadowy altar of Dithmenos.
  2584 | D:4      | Became a worshipper of Dithmenos the Shadowed
  2597 | D:4      | Reached XP level 5. HP: 41/41 MP: 5/5
  2662 | D:4      | Reached skill level 6 in Long Blades
  2790 | D:4      | Reached XP level 6. HP: 28/47 MP: 6/6
  2796 | D:4      | Reached skill level 7 in Long Blades
  3403 | D:4      | Found a hazy altar of Hepliaklqana.
  3539 | D:4      | Reached * piety under Dithmenos
  3647 | D:4      | Reached skill level 8 in Long Blades
  3647 | D:4      | Reached XP level 7. HP: 44/52 MP: 7/7
  3717 | D:5      | Entered Level 5 of the Dungeon
  3823 | D:5      | Got a steaming cloak
  3840 | D:5      | Identified the +2 cloak of the Unbroken {rPois rC+} (You found it on level 5 of the Dungeon)
  3966 | D:5      | Found a shimmering altar of Xom.
  4037 | D:5      | Noticed RebelPilot's ghost (novice GrFi)
  4058 | D:5      | Killed RebelPilot's ghost
  4058 | D:5      | Reached skill level 9 in Long Blades
  4058 | D:5      | Reached XP level 8. HP: 58/58 MP: 8/8
  4321 | D:5      | Reached skill level 10 in Long Blades
  4631 | D:6      | Gained mutation: Your body sometimes deteriorates upon taking damage. [mutagenic meat]
  4632 | D:6      | Gained mutation: You are somewhat resistant to further mutation. [mutagenic meat]
  4634 | D:6      | Lost mutation: You are somewhat resistant to further mutation. [potion of mutation]
  4634 | D:6      | Lost mutation: Your body sometimes deteriorates upon taking damage. [potion of mutation]
  4634 | D:6      | Gained mutation: You are somewhat resistant to further mutation. [potion of mutation]
  4634 | D:6      | Gained mutation: Your magical capacity is low. (-10% MP) [potion of mutation]
  4634 | D:6      | Gained mutation: You are partially covered in iridescent scales. (AC +2) [potion of mutation]
  4747 | D:6      | Found a staircase to the Ecumenical Temple.
  4753 | D:6      | Reached skill level 11 in Long Blades
  4824 | D:6      | Reached skill level 1 in Dodging
  4829 | D:6      | Gained mutation: Your system is resistant to poisons. (rPois) [mutagenic meat]
  4880 | D:6      | Reached ** piety under Dithmenos
  5299 | D:6      | Reached skill level 1 in Invocations
  5299 | D:6      | Reached XP level 9. HP: 41/65 MP: 7/8
  5303 | D:6      | Gained mutation: You have a beak for a mouth. [mutagenic meat]
  5449 | D:6      | Reached skill level 1 in Evocations
  5645 | D:7      | Noticed Duvessa
  5645 | D:7      | Noticed Dowan
  5769 | D:7      | Killed Duvessa
  5782 | D:7      | Killed Dowan
  5917 | D:7      | Noticed Prince Ribbit
  5931 | D:7      | Killed Prince Ribbit
  6224 | D:7      | Reached *** piety under Dithmenos
  6264 | D:7      | Reached skill level 12 in Long Blades
  6549 | D:7      | Reached skill level 5 in Fighting
  6584 | D:7      | Got an ichor-stained cloak
  6753 | D:7      | Identified the cursed +0 cloak "Mioloaze" {rElec Regen+ Str-5 Stlth+} (You found it on level 7 of the Dungeon)
  6836 | D:7      | Found a runed door.
  6946 | D:7      | Reached XP level 10. HP: 63/74 MP: 11/11
  7216 | D:7      | Noticed Crazy Yiuf
  7219 | D:7      | Killed Crazy Yiuf
  7346 | D:8      | Reached skill level 5 in Dodging
  7447 | D:8      | Killed from afar by an orc

Vault maps used:
D:1:      lightli_arrival_isolated_outpost, hangedman_abyss_or_decor_stabs,
          hex_medium
D:2:      first_bread
D:4:      nicolae_dithmenos_through_a_glass_darkly, lemuel_crystal_altar
D:5:      kennysheep_mini
D:6:      corexii_shack_village, minmay_temple_entry_nine_rooms,
          grunt_ministairs_8
D:7:      st_stairs_8, uniq_duvessa, uniq_crazy_yiuf_cottage,
          uniq_prince_ribbit1
D:8:      overflow_temple_1_default, due_lair_maze_entry_diamond

Skill      XL: |  1  2  3  4  5  6  7  8  9 10 |
---------------+-------------------------------+-----
Long Blades    | 3 4 5 6 8 9 11 12 | 12.5
Dodging        | 2 4 5 |  5.5
Fighting       | 4 5 |  5.7
Invocations    | 1 3 4 |  4.0
Evocations     | 3 4 |  4.1
Armour         | |  2.4
Shields        | |  3.0

Action                   |  1- 3 |  4- 6 |  7- 9 | 10-12 || total
-------------------------+-------+-------+-------+-------++-------
Melee: Long sword        |    88 |   192 |   456 |    46 ||   782
       Tailslap          |       |       |     1 |       ||     1
       Peck              |       |       |    57 |    13 ||    70
Throw: Javelin           |       |     1 |       |       ||     1
       Throwing net      |       |     1 |       |       ||     1
Evoke: Wand              |       |       |     1 |       ||     1
  Use: Scroll            |       |     8 |     4 |     2 ||    14
       Potion            |       |       |     5 |     6 ||    11
 Stab: Invisible         |       |       |       |     2 ||     2
  Eat: Chunk             |     1 |     8 |    21 |     2 ||    32
Armor: Scale mail        |    28 |    84 |   111 |     9 ||   232
Dodge: Dodged            |    24 |    52 |   168 |    37 ||   281
Block: Shield            |    50 |   112 |   207 |       ||   369
       Rpst.: Long sword |     9 |    18 |    61 |    11 ||    99
